AoeStats
← Lucas

Arabia

510760854Analyzed
1v1 RM · 24h ago on Oct 2, 2026· 25m 34s· 2 players
Game mode
Random Map
Map size
Tiny (2 player)
Population
200
Speed
Normal
Resources
Standard
Victory
Conquest
Starting age
Dark Age
Ending age
Imperial Age
RankedLock teamsTeams togetherTeam positionsShared explorationLock speedFull tech treeHidden civsTurbo modeCheats
Victory
Defeat
🇺🇸 Koreans · United States
870
+13
🇧🇷 Sicilians · Brazil
811
-35
Lucas
12:23 Feudal Age
18:23 Loom
21:49 Man-at-Arms
Radohrog
7:28 Loom
14:40 Feudal Age
15:33 Double-Bit Axe
16:27 Town Watch
20:45 Castle Age
20:35 Fletching
20:58 Crossbowman
21:46 Horse Collar
22:17 Bow Saw
25:57 Thumb Ring
Connection lost

Rejoining the realm…

Still unreachable

The connection could not be restored.

Session expired

The server has moved on; the page needs a fresh start.